 Dungeon Crawl Stone Soup version 0.26-a0-597-gb535b0901c (webtiles) character file.

Game seed: 15940650918476120518

(classic levelgen) 324 EnegeticOcto the Chopper (level 6, -1/57 HPs)
             Began as a Deep Dwarf Fighter on Aug 25, 2020.
             Slain by an unseen horror (8 damage)
             ... on level 4 of the Dungeon.
             The game lasted 00:01:01 (882 turns).

EnegeticOcto the Chopper (Deep Dwarf Fighter)        Turns: 882, Time: 00:01:02

Health: -1/57      AC:  7    Str: 21    XL:     6   Next: 23%
Magic:  2/2        EV:  7    Int:  9    God:
Gold:   104        SH: 10    Dex: 12    Spells: 5/5 levels left

rFire    . . .     SeeInvis .   a - +0 war axe
rCold    . . .     Faith    .   c - +0 kite shield
rNeg     . . .     Spirit   .   b - +0 scale mail
rPois    .         Reflect  .   (no helmet)
rElec    .         Harm     .   (no cloak)
rCorr    .                      (no gloves)
MR       .....                  (no boots)
Stlth    ..........             (no amulet)
HPRegen  0.00/turn              (no ring)
MPRegen  0.08/turn              (no ring)

@: non-regenerating
A: damage resistance, heal wounds, sense surroundings 1, no regeneration
a: Heal Wounds


You were on level 4 of the Dungeon.
You visited 1 branch of the dungeon, and saw 4 of its levels.

You collected 104 gold pieces.

Inventory:

Hand Weapons
 a - a +0 war axe (weapon)
Armour
 b - a +0 scale mail (worn)
 c - a +0 kite shield (worn)
Scrolls
 e - 3 scrolls of enchant armour {unknown}
 g - 2 scrolls of teleportation {unknown}
 h - a scroll of magic mapping {unknown}
 i - a scroll of immolation {unknown}
Potions
 d - a potion of might {@q3}
 f - 2 potions of ambrosia {unknown}
 j - a potion of haste {unknown}


   Skills:
 + Level 3.7 Fighting
 * Level 4.9 Axes
 + Level 4.5 Armour
 + Level 4.5 Shields


You had 5 spell levels left.
You didn't know any spells.
Your spell library was empty.

Dungeon Overview and Level Annotations

Branches:
Dungeon (4/15)
 Temple: D:4-7

Altars:

Shops:
D:4 *


Innate Abilities, Weirdness & Mutations

You are resistant to damage.
You can heal yourself by infusing magical energy.
You passively map a small area around you.
You do not regenerate.


Message History

No target in view!
No target in view!
No target in view!
No target in view!
No target in view!
No target in view!
No target in view!
No target in view!
No target in view!
No target in view!
No target in view!
No target in view!
You miss something. You block something's attack. Something hits you. x2
You miss something. You block something's attack. Something hits you. x2
You barely miss something. Something hits you! Something hits you.
Your magical essence is drained by the effort!
You feel much better. Something hits you. You block something's attack.
You closely miss something. Something hits you!
You swing at nothing.
Something hits you.
You miss something. Something hits you!
You swing at nothing.
Something hits you.
You swing at nothing.
Something hits you.
You barely miss something. You block something's attack.
You closely miss something. Something hits you.
You swing at nothing.
You swing at nothing.
Something hits you but does no damage.
You swing at nothing.
Something hits you. Something hits you but does no damage.
Your magical essence is drained by the effort!
You feel much better. Something hits you.
You closely miss something. Something hits you.
You slash something! Something hits you.
You swing at nothing.
Something completely misses you.
You swing at nothing.
Something hits you!
You swing at nothing.
You swing at nothing.
You swing at nothing.
You swing at nothing.
You swing at nothing.
You swing at nothing.
You swing at nothing.
You swing at nothing.
You swing at nothing.
You swing at nothing.
You feel much better. Something hits you.
You completely miss something. Something hits you.
Something hits you but does no damage.
No target in view!
No target in view!
No target in view!
No target in view!
No target in view!
You block something's attack. Something hits you. Something hits you!
You block something's attack.
You see here a manual of Slings.
No target in view!
No target in view!
No target in view!
No target in view!
No target in view!
No target in view!
No target in view!
No target in view!
No target in view!
k - a manual of Slings Something hits you.
You drop a manual of Slings.
You block something's attack.
You hit something. Something hits you but does no damage.
Something completely misses you.
You swing at nothing.
Something hits you.
You miss something. Something hits you.
You swing at nothing.
Something hits you! You block something's attack.
You closely miss something. Something hits you. x3
You completely miss something. Something hits you.
You miss something. Something hits you. x2
Something hits you but does no damage.
You miss something. Something hits you but does no damage.
You swing at nothing.
Something hits you but does no damage.
You slash something! Something hits you!
You swing at nothing.
Something hits you.
You swing at nothing.
Something hits you.
You closely miss something. Something hits you but does no damage.
You swing at nothing.
Something hits you.
* * * LOW HITPOINT WARNING * * *
You hit something. Something hits you.
* * * LOW HITPOINT WARNING * * *
You swing at nothing.
Something hits you but does no damage.
You swing at nothing.
Something completely misses you.
You swing at nothing.
Something hits you but does no damage. x2
You closely miss something. Something hits you but does no damage.
Something hits you!
* * * LOW HITPOINT WARNING * * *
You swing at nothing.
Something hits you.
* * * LOW HITPOINT WARNING * * *
Something hits you!
You die...

#........................
##.###+##.....###.####...
, ### #....##.†..# ..
......##.####,
......##...#* , ,
#..#....##.###,, ,, ,
####...##..# #...#.### **
##@# * , #:## * ### , ,
** * *,


There were no monsters in sight!

Vanquished Creatures
  A scorpion (D:4)
  A howler monkey (D:4)
  A hound (D:4)
  Terence (D:3)
  2 iguanas (D:4)
  A worker ant (D:4)
  2 gnolls (D:3)
  4 adders
  A dart slug (D:2)
  3 leopard geckos (D:1)
  An orc (D:4)
  A ball python (D:1)
  2 giant cockroaches
  15 jackals
  A quokka (D:2)
  A ball python skeleton (D:4)
  4 bats (D:1)
  2 frilled lizards
  2 kobolds
  A quokka skeleton (D:4)
  5 rats (D:1)
52 creatures vanquished.

Vanquished Creatures (others)
  A plant (D:1)
1 creature vanquished.

Grand Total: 53 creatures vanquished

Notes
Turn   | Place    | Note
-------+----------+-------------------------------------------
     0 | D:1      | EnegeticOcto the Deep Dwarf Fighter began the quest for the
                  | Orb.
     0 | D:1      | Reached XP level 1. HP: 20/20 MP: 1/1
   121 | D:1      | Reached XP level 2. HP: 25/27 MP: 2/2
   348 | D:1      | Reached XP level 3. HP: 26/33 MP: 3/3
   481 | D:3      | Noticed Terence
   499 | D:3      | Reached XP level 4. HP: 36/42 MP: 4/4
   505 | D:3      | Killed Terence
   555 | D:4      | Found Cuka's Elemental Accessories.
   634 | D:4      | Reached XP level 5. HP: 33/49 MP: 5/5
   757 | D:4      | Reached XP level 6. HP: 45/56 MP: 5/5
   882 | D:4      | Slain by an unseen horror

Illustrated notes

Levels and vault maps discovered:
D:1:      giann_bridges, layout_loops_ring, minmay_hexomino_p4
D:2:      layout_loops_ring, serial_undead, serial_undead_a, serial_undead_e,
          serial_undead_e, serial_undead_e
D:3:      lemuel_castle_with_subvaults [lemuel_castle_interior_carwin_2],
          layout_rooms, gammafunk_temple_overflow_statue, uniq_terence
D:4:      layout_gridville, overflow_temple_1_default, nicolae_elemental_shop,
          minmay_manual_mandibuliform

Skill      XL: |  1  2  3  4 |
---------------+-------------+-----
Axes           | 3 4 |  4.9
Fighting       | 3 |  3.7
Armour         | 4 |  4.5
Shields        | 4 |  4.5

Action                   |  1- 3 |  4- 6 || total
-------------------------+-------+-------++-------
Melee: War axe           |   114 |    85 ||   199
 Abil: Heal Wounds       |     4 |     7 ||    11
Armor: Scale mail        |    84 |    59 ||   143
Dodge: Dodged            |    54 |    29 ||    83
Block: Kite shield       |   106 |    40 ||   146

Table legend: (Time is in decaauts)
 A = Elapsed time spent in this place.
 B = Non-inter-level travel time spent in this place.
 C = Inter-level travel time spent in this place.
 D = Time resting spent in this place.
 E = Time spent auto-exploring this place.
 F = Levels seen in this place.
 G = Mean time per level.
                   A        B        C        D        E       F      G
               +--------+--------+--------+--------+--------+-----+--------+
         Total |    976 |    953 |     23 |      0 |    470 |   4 |  244.0 |
       Dungeon |    976 |    953 |     23 |      0 |    470 |   4 |  244.0 |
               +--------+--------+--------+--------+--------+-----+--------+

Top non-repeatable levels by time:
     D:1: 388 daAuts
     D:4: 384 daAuts
     D:2: 121 daAuts
     D:3: 81 daAuts
